 Dungeon Crawl Stone Soup version 0.21.1-1-g345015fe64 (webtiles) character file.

184 JOKERXD40 the Shield-Bearer (level 5, -8/47 HPs)
             Began as a Hill Orc Fighter on June 7, 2018.
             Killed by divine providence
             ... invoked by an orc priest
              (9 damage)
             ... on level 4 of the Dungeon.
             The game lasted 00:08:39 (1041 turns).

JOKERXD40 the Shield-Bearer (Hill Orc Fighter)      Turns: 1041, Time: 00:08:40

Health: -8/47      AC:  7    Str: 27    XL:     5   Next: 64%
Magic:  5/5        EV:  8    Int:  8    God:
Gold:   60         SH: 10    Dex: 10    Spells: 4/4 levels left

rFire    . . .     SeeInvis .   m - +1 hand axe (freeze)
rCold    . . .     Gourm    .   c - +0 shield
rNeg     . . .     Faith    .   b - +0 scale mail
rPois    .         Spirit   .   (helmet restricted)
rElec    .         Reflect  .   r - scarf {repulsion}
rCorr    .         Harm     .   (no gloves)
MR       +....     Rnd*Rage +   (no boots)
Stlth    ..........             (no amulet)
HPRegen  0.15/turn              (no ring)
MPRegen  0.09/turn              (no ring)

@: mighty, about to teleport, repel missiles
A: horns 1, berserk 1, magic resistance 1, strong 1
a: Convert to Beogh


You were on level 4 of the Dungeon.
You were hungry.

You visited 1 branch of the dungeon, and saw 3 of its levels.

You collected 60 gold pieces.

Inventory:

Hand Weapons
 a - a +0 long sword
 m - a +1 hand axe of freezing (weapon)
Missiles
 e - 5 large rocks
 j - 11 sling bullets
Armour
 b - a +0 scale mail (worn)
 c - a +0 shield (worn)
 r - a scarf of repulsion (worn)
Wands
 p - a wand of clouds (5)
Scrolls
 h - 2 scrolls of identify
 i - 3 scrolls of remove curse {unknown}
 k - a scroll of fear {unknown}
 l - 2 scrolls of fog {unknown}
Potions
 d - a potion of might
 o - a potion of ambrosia {unknown}
 q - 2 potions of curing
Comestibles
 f - 3 rations


   Skills:
 + Level 4.3 Fighting
 + Level 3.6 Long Blades
 + Level 1.0 Axes
 + Level 4.1 Armour
 + Level 1.1 Dodging
 + Level 4.4 Shields


You had 4 spell levels left.
You didn't know any spells.

Dungeon Overview and Level Annotations

Branches:
Dungeon (2/15)

Altars:


Innate Abilities, Weirdness & Mutations

You have a pair of small horns on your head.
You tend to lose your temper in combat.
You are resistant to hostile enchantments. (MR+)
Your muscles are strong. (Str +2)


Message History

You feel a little pissed off. A pair of horns grows on your head!
You feel stronger.
The gnoll hits you but does no damage. x2; You block the gnoll's attack.
You slice the dart slug!! You freeze the dart slug.
You kill the dart slug!
You slash the gnoll! You freeze the gnoll.
The orc priest threatens, "By the altar or by the axe, you will meet Beogh!"
The gnoll hits you from afar with a spear.
* * * LOW HITPOINT WARNING * * *
The gnoll hits you from afar with an enchanted spear.
* * * LOW HITPOINT WARNING * * *
You block the gnoll's attack.
As you read the scroll of teleportation, it crumbles to dust.
You feel strangely unstable. You block the gnoll's attack. x2
The gnoll hits you with a whip of electrocution.
* * * LOW HITPOINT WARNING * * *
The gnoll barely misses you.
The orc priest invokes the aid of Beogh against you.
Beogh smites you!
You die...

#....########...##....s##### .
#......#....#.#.##.###...s.## #.
.......#......#.##.# #####..###..
.............##.##.########.(...#
..........................†g.....
......###...†....#g.......####.##
...>..#........oog.......†# #.#
......#.#.####..(########..# #..
....###+###....#@)# .....oo#.
....# #..####.g..# .#.......
....# #.. ###..... ...... ....+
+. ###. ....o. .##.# #. #. ?...#.
.# .# .# # .# .#


You could see an orc priest, 3 gnolls and an orc.

Vanquished Creatures
  A phantom (D:4)
  A hound skeleton (D:4)
  A gnoll (D:4)
  3 adders (D:4)
  3 dart slugs
  A leopard gecko (D:1)
  4 orcs (D:4)
  5 bats (D:1)
  4 giant cockroaches
  3 goblins
  7 hobgoblins
  4 kobolds
  A ball python (D:4)
  3 frilled lizards (D:1)
  2 rats (D:1)
43 creatures vanquished.

Notes
Turn   | Place    | Note
-------+----------+-------------------------------------------
     0 | D:1      | JOKERXD40 the Hill Orc Fighter began the quest for the Orb.
     0 | D:1      | Reached XP level 1. HP: 19/19 MP: 1/1
   145 | D:1      | Reached XP level 2. HP: 27/27 MP: 2/2
   293 | D:1      | Reached XP level 3. HP: 23/33 MP: 3/3
   885 | D:2      | You fall through a shaft for 2 floors!
   898 | D:4      | Reached XP level 4. HP: 37/40 MP: 4/4
   962 | D:4      | Noticed a phantom
   978 | D:4      | Killed a phantom
   978 | D:4      | Reached skill level 1 in Dodging
   978 | D:4      | Reached XP level 5. HP: 36/47 MP: 5/5
  1036 | D:4      | Reached skill level 1 in Axes
  1038 | D:4      | Gained mutation: You are resistant to hostile enchantments. (MR+) [potion of mutation]
  1038 | D:4      | Gained mutation: You tend to lose your temper in combat. [potion of mutation]
  1038 | D:4      | Gained mutation: You have a pair of small horns on your head. [potion of mutation]
  1038 | D:4      | Gained mutation: Your muscles are strong. (Str +2) [potion of mutation]
  1040 | D:4      | HP: 1/47 [gnoll/whip of electrocution (6)]
  1041 | D:4      | Killed from afar by an orc priest

Skill      XL: |  1  2  3  4  5 |
---------------+----------------+-----
Fighting       | 4 |  4.3
Long Blades    | 3 |  3.6
Armour         | 4 |  4.1
Dodging        | 1 |  1.1
Shields        | 4 |  4.4
Axes           | 1 |  1.0

Action                   |  1- 3 |  4- 6 || total
-------------------------+-------+-------++-------
Melee: Long sword        |    82 |       ||    82
       Hand axe          |    20 |    26 ||    46
  Use: Scroll            |     1 |     2 ||     3
       Potion            |       |     3 ||     3
Armor: Scale mail        |    46 |    16 ||    62
Dodge: Dodged            |    36 |     8 ||    44
       Deflected         |       |     2 ||     2
Block: Shield            |    67 |    17 ||    84
       Rpst.: Long sword |    15 |       ||    15
